Cogmind - Beta 17 @@@ ROGUE MODE // 2026.06.27 @ 18:06:14 Player: kite Result: Self-destructed Performance ------------- Evolutions (6) 3000 Regions Visited (25) 5000 Robots Destroyed (291) 1455 Value Destroyed (11867) 11867 Prototype IDs (16) 320 Alien Tech Used (0) 0 Bonus (1845) 1845 TOTAL SCORE: 23487 Bonus ------- High Alert Combat Kills 887 Follower Combat Kills 526 Entered Garrisons 800 Entered DSFs 500 Acquired ECA 300 Met Warlord at Base 500 MAIN.C Attacked Warlord 500 Friendly Fire -2168 Cogmind --------- Core Integrity 602/1150 Matter 27/300 Energy 12/100 System Corruption 15% Temperature Cool (0) Movement Walking (190) Ox1 Location -4/Factory Parts ------- > --- POWER (2) -------- (None) > --- PROPULSION (6) --- Flexi-carbon Leg Advanced Myomer Leg > --- UTILITY (6) ------ High-capacity Storage Unit Improved Sensor Array Advanced Signal Interpreter Improved Actuator Array Advanced Hacking Suite > --- WEAPON (5) ------- Power Maul Force Lance > --- INVENTORY (20) --- Vortex Chain Reactor Improved Matter Compressor (300) Advanced Terrain Scan Processor Seismic Detector Encrypted Comm Array Improved Actuator Array Improved Actuator Array Improved Actuator Array Improved Medium Armor Plating Hacking Suite Improved Hacking Suite System Mapper Experimental System Shield Peak State ------------ > --- POWER ------------ Antimatter Reactor Antimatter Reactor > --- PROPULSION ------- Flexi-carbon Leg Armored Leg Armored Leg Armored Leg Enhanced Biometal Leg Enhanced Biometal Leg > --- UTILITY ---------- High-capacity Storage Unit Enhanced Optical Array Improved Signal Interpreter Improved Actuator Array Improved Transmission Jammer Advanced Hacking Suite > --- WEAPON ----------- Power Maul Power Maul Thunder Hammer Thunder Hammer Thunder Hammer > --- INVENTORY -------- Antimatter Reactor Antimatter Reactor Vortex Chain Reactor Flexi-carbon Leg Flexi-carbon Leg Armored Leg Armored Leg Improved Matter Compressor Improved Sensor Array Encrypted Comm Array Improved Actuator Array Layered Medium Armor Plating Advanced Hacking Suite Advanced Hacking Suite System Mapper HERF Cannon Scatter Rocket Array Power Maul Katana [Rating: 119] Favorites ----------- Power Antimatter Reactor Engine Ion Engine Power Core Light Nuclear Core Reactor Antimatter Reactor Propulsion Armored Leg Treads Light Treads Leg Armored Leg Wheel Wheel Hover Unit Gravmag System Utility High-capacity Storage Unit Device Improved Sensor Array Storage High-capacity Storage Unit Processor Improved Signal Interpreter Hackware Advanced Hacking Suite Protection Layered Medium Armor Plating Weapon Thunder Hammer Energy Gun Heavy EM Pulse Gun Energy Cannon EM Pulse Cannon Ballistic Gun Light Assault Rifle Launcher Shock Bomb Launcher Impact Weapon Thunder Hammer Slashing Weapon Katana Piercing Weapon Spear Build | -11 -10 -10 -10 -9 -8 -8 -8 -8 -7 -7 -7 -7 -6 -6 -6 -6 -5 -5 -5 -5 -5 -4 -4 -4 -4 ------- Run | Yrd Mat Min Exi Min Mat Gar Mat Gar Fac Was Fac Gar Fac Was Fac DSF Fac Was Fac Upp War Pro Fac Gar Fac Slots Evolved 12 | . . . . . 4 . . . 2 . . . 2 . . . 2 . . . . . 2 . . Power 1 | . . . . . . . . . . . . . . . . . . . . . . . 1 . . Propulsion 4 | . . . . . 2 . . . 2 . . . . . . . . . . . . . . . . Utility 4 | . . . . . 1 . . . . . . . 1 . . . 1 . . . . . 1 . . Weapon 3 | . . . . . 1 . . . . . . . 1 . . . 1 . . . . . . . . Parts Attached 187 | 6 2 2 . 1 30 7 2 6 9 . 8 3 29 3 . 22 3 1 10 . 7 3 11 6 16 Power 25 | 1 . . . . 3 2 1 1 1 . 1 . 3 1 . 1 . 1 . . . . 5 . 4 Engine 8 | 1 . . . . 2 2 . . . . 1 . . . . 1 . . . . . . . . 1 Core 8 | . . . . . 1 . 1 1 1 . . . 2 . . . . . . . . . 1 . 1 Reactor 9 | . . . . . . . . . . . . . 1 1 . . . 1 . . . . 4 . 2 Propulsion 53 | 2 . . . . 7 2 1 2 4 . 1 1 13 1 . 6 . . 1 . 3 . 1 3 5 Treads 3 | 2 . . . . . . . . . . . . 1 . . . . . . . . . . . . Leg 38 | . . . . . 7 2 1 2 4 . 1 1 . 1 . 6 . . 1 . 3 . 1 3 5 Wheel 11 | . . . . . . . . . . . . . 11 . . . . . . . . . . . . Hover 1 | . . . . . . . . . . . . . 1 . . . . . . . . . . . . Flight . | . . . . . . . . . . . . . . . . . . . . . . . . . . Utility 59 | 1 2 1 . . 6 . . 2 3 . 5 1 9 1 . 4 2 . 6 . 3 2 5 1 5 Device 25 | . 1 . . . 2 . . 1 . . 2 1 5 . . 1 1 . 3 . 3 1 2 1 1 Storage 6 | 1 1 . . . 1 . . . 1 . . . . . . . 1 . . . . . . . 1 Processor 8 | . . . . . 1 . . . 1 . . . 1 . . 1 . . 3 . . . . . 1 Hackware 4 | . . . . . . . . . 1 . . . . . . . . . . . . . 3 . . Protection 16 | . . 1 . . 2 . . 1 . . 3 . 3 1 . 2 . . . . . 1 . . 2 Artifact . | . . . . . . . . . . . . . . . . . . . . . . . . . . Weapon 50 | 2 . 1 . 1 14 3 . 1 1 . 1 1 4 . . 11 1 . 3 . 1 1 . 2 2 Energy Gun 12 | . . 1 . . 10 1 . . . . . . . . . . . . . . . . . . . Energy Cannon 2 | . . . . . 1 . . . . . . . . . . . . . . . 1 . . . . Ballistic Gun 3 | 2 . . . 1 . . . . . . . . . . . . . . . . . . . . . Ballistic Cannon . | . . . . . . . . . . . . . . . . . . . . . . . . . . Launcher 8 | . . . . . 2 1 . 1 . . . 1 2 . . . . . . . . . . . 1 Special Weapon . | . . . . . . . . . . . . . . . . . . . . . . . . . . Impact Weapon 13 | . . . . . 1 1 . . . . . . 1 . . 6 . . 3 . . 1 . . . Slashing Weapon 9 | . . . . . . . . . . . 1 . . . . 5 1 . . . . . . 2 . Piercing Weapon 3 | . . . . . . . . . 1 . . . 1 . . . . . . . . . . . 1 Special Melee Weapon . | . . . . . . . . . . . . . . . . . . . . . . . . . . Unidentified Prototypes 16 | . . . . . 1 . . . . . 1 . 2 2 . . 1 . 1 . 5 . 1 . 2 Corrupted Parts 1 | . . . . 1 . . . . . . . . . . . . . . . . . . . . . System Corruption 1 | . . . . 1 . . . . . . . . . . . . . . . . . . . . . Parts Lost 88 | . . 2 . . 8 6 . 6 3 . 3 5 20 . . . . . . . . 1 3 9 22 Power 12 | . . . . . 2 2 . 1 . . . . 1 . . . . . . . . . . 3 3 Propulsion 38 | . . . . . 2 2 . 1 2 . 2 4 11 . . . . . . . . . 2 2 10 Utility 17 | . . . . . 1 . . 2 . . 1 . 6 . . . . . . . . 1 1 3 2 Weapon 21 | . . 2 . . 3 2 . 2 1 . . 1 2 . . . . . . . . . . 1 7 Highest Loss Streak 11 | . . 2 . . 2 2 . 4 3 . 3 3 5 . . . . . . . . 1 1 4 11 To Critical Strikes 1 | . . . . . . . . . . . . . . . . . . . . . . . 1 . . Average Backups 15 | 2 4 10 11 11 14 13 13 13 15 19 19 17 14 17 20 19 19 20 19 19 19 19 18 15 14 Power 1 | . 1 1 1 1 . . . . . 1 1 1 1 2 2 1 1 1 1 1 . 1 2 2 1 Propulsion 3 | 1 2 2 2 2 2 1 1 2 3 3 3 1 . 2 3 5 6 6 5 5 4 5 4 2 1 Utility 7 | . . 5 6 6 6 6 8 7 8 10 9 10 8 9 11 8 8 9 9 9 9 9 6 5 8 Weapon 3 | . 1 1 2 2 4 4 3 2 2 5 5 5 2 3 4 4 4 4 4 4 3 3 3 4 2 Tool/Special . | . . . . . . . . . . . . . . . . . . . . . . . . . . Unused Backups 51 | . . . . . 11 . 1 1 1 . 4 1 4 . . 13 . 1 4 . 1 . 2 . 7 Power 4 | . . . . . 1 . . . . . . . . . . 1 . 1 . . 1 . . . . Propulsion 11 | . . . . . 2 . . 1 1 . . . 4 . . 2 . . . . . . 1 . . Utility 25 | . . . . . 3 . 1 . . . 3 1 . . . 7 . . 3 . . . . . 7 Weapon 11 | . . . . . 5 . . . . . 1 . . . . 3 . . 1 . . . 1 . . Tool/Special . | . . . . . . . . . . . . . . . . . . . . . . . . . . Average Slot Usage (%) 94 | . 91 94 85 86 93 94 99 97 96 95 99 90 82 77 73 96 97 100 100 100 99 97 99 96 94 Engine 3 | . 14 14 14 14 6 3 6 4 . . 6 7 3 . . . 5 4 . . . . . . . Core 1 | . . . . . 2 3 2 4 7 7 . . . . . . . . . . . . . . . Reactor 3 | . . . . . . . . . . . . . 1 6 6 5 . . 5 5 5 5 9 8 8 Treads 2 | . 28 28 28 28 . . . . . . . . 1 . . . . . . . . . . . . Leg 27 | . . . . . 33 33 35 36 44 46 45 37 7 . . 35 35 35 35 35 35 35 30 30 28 Wheel 2 | . . . . . . . . . . . . . 15 20 20 1 . . . . . . . . . Device 7 | . 6 2 . . 4 9 9 8 5 2 9 7 8 . . 3 8 11 9 5 4 5 9 7 12 Storage 7 | . 14 14 14 14 11 9 9 9 7 7 7 7 6 6 6 6 5 5 5 5 5 5 5 5 5 Processor 4 | . . . . . . . . . 6 7 1 . 1 6 6 8 5 5 11 11 11 11 10 5 5 Hackware 1 | . . . . . . . . . . . . . . . . . . . . . . . 3 9 5 Protection 5 | . . 11 14 14 7 9 9 8 . . 3 7 5 13 13 5 5 5 1 5 5 4 1 2 2 Energy Gun 2 | . . 5 14 14 14 7 . . . . . . . . . . . . . . . . . . . Ballistic Gun 2 | . 28 17 . 1 2 . . . . . . . . . . . . . . . . . . . . Launcher 1 | . . . . . . 9 9 8 4 . . 4 2 4 . 1 . 1 . . . . . . . Impact Weapon 15 | . . . . . 4 10 18 18 15 15 10 4 11 13 13 13 16 17 26 29 28 27 26 18 15 Slashing Weapon 1 | . . . . . . . . . . . 4 4 4 . . 5 11 9 2 . . . . 5 2 Piercing Weapon 1 | . . . . . . . . . 2 7 7 5 5 6 6 3 . . . . . . . . 4 Peak Build Rating 119 | 6 7 8 7 8 31 24 26 26 36 34 39 38 52 61 49 71 81 83 94 94 102 104 119 119 117 Average Rating 59 | 4 6 7 7 7 22 23 24 23 30 32 34 34 36 52 49 65 77 81 88 93 95 100 115 110 103 On Entrance 47 | . 6 7 7 7 8 24 24 26 24 32 34 38 28 52 49 49 70 81 83 92 93 102 102 113 96 Avg Prop Armor Cover (%) 7 | . . . . . . 10 10 . . . . . 6 . . . . . . . . . . . . Naked Turns . | . . . . . . . . . . . . . . . . . . . . . . . . . . Heaviest Build 114 | 12 28 30 30 31 41 43 45 45 61 57 67 68 79 75 69 76 77 84 88 88 95 88 107 110 114 Greatest Support 141 | 40 40 40 40 40 52 52 52 52 72 70 80 80 76 66 66 108 108 108 108 108 132 132 132 132 141 Greatest Overweight (x) 7 | . . . . . 2 1 1 . 1 . 1 1 7 1 1 2 . . . . . . . . 1 Average Overweight (x) . | . . . . . . . . . . . . . 1 . 1 . . . . . . . . . . Largest Inventory Capacity 20 | 8 15 15 15 15 15 15 15 15 20 20 20 20 20 20 20 20 20 20 20 20 20 20 20 20 20 Average Capacity 17 | 7 8 15 15 15 15 15 15 15 19 20 20 20 20 20 20 20 20 20 20 20 20 20 20 20 20 Most Carried 20 | 4 8 11 11 11 15 15 15 15 20 20 20 19 18 20 20 20 20 20 20 20 20 20 20 20 20 Average Carried 15 | 2 4 10 11 10 14 12 13 13 15 19 19 17 14 17 20 19 19 20 19 19 19 19 19 16 15 Final Capacity 20 | 8 15 15 15 15 15 15 15 15 20 20 20 20 20 20 20 20 20 20 20 20 20 20 20 20 20 Final Carried 20 | 4 8 11 11 10 15 12 15 15 20 20 18 18 14 20 20 20 20 20 19 20 20 19 20 11 14 Class Distribution -------------------- 30% | Mutant 26% | Gladiator 17% | Assassin 14% | Scavenger-Mutant 3% | Tank Dominant Class ---------------- Mutant | -10/Materials Mutant | -10/Mines Mutant | -10/Exiles Mutant | -9/Mines Mutant | -8/Materials Mutant | -8/Garrison Mutant | -8/Materials Scavenger-Mutant | -8/Garrison Scavenger-Mutant | -7/Factory Scavenger-Mutant | -7/Waste Scavenger-Mutant | -7/Factory Scavenger-Mutant | -7/Garrison Gladiator | -6/Factory Mutant | -6/Waste Mutant | -6/Factory Gladiator | -6/DSF Gladiator | -5/Factory Gladiator | -5/Waste Gladiator | -5/Factory Assassin | -5/Upper Caves Assassin | -5/Warlord Assassin | -4/Proximity Caves Assassin | -4/Factory Hacker-Mutant | -4/Garrison Gladiator | -4/Factory Resources | -11 -10 -10 -10 -9 -8 -8 -8 -8 -7 -7 -7 -7 -6 -6 -6 -6 -5 -5 -5 -5 -5 -4 -4 -4 -4 ----------- Run | Yrd Mat Min Exi Min Mat Gar Mat Gar Fac Was Fac Gar Fac Was Fac DSF Fac Was Fac Upp War Pro Fac Gar Fac Matter Collected 5700 | 176 154 40 . . 356 127 118 456 144 . 158 144 476 475 . 276 8 474 160 10 . 240 309 867 532 Remotely . | . . . . . . . . . . . . . . . . . . . . . . . . . . Salvage Created 11890 | . 388 111 . . 1472 334 119 585 224 . 181 193 1444 1566 . 71 433 . 1254 57 . 534 502 590 1832 Parts 400 | . 21 14 . . 72 15 5 20 20 . 19 14 73 10 . . 21 . 14 . . 3 6 21 52 Haulers Intercepted 12 | . 1 . . . 2 . . . . . . . 2 . . . . . 4 . . . 1 . 2 Recyclers Shooed 9 | . 4 . . . . . . . . . . . 4 . . . . . . . . . . . 1 Parts Field Recycled . | . . . . . . . . . . . . . . . . . . . . . . . . . . Retrieved Matter . | . . . . . . . . . . . . . . . . . . . . . . . . . . Parts Self-Destructed 1 | . . . . . . . . . . . . . . . . . . . . . . 1 . . . Prevented 2 | . . . . . . . . . . . . . . . . . . . . . . 2 . . . Parts Restored . | . . . . . . . . . . . . . . . . . . . . . . . . . . Kills | -11 -10 -10 -10 -9 -8 -8 -8 -8 -7 -7 -7 -7 -6 -6 -6 -6 -5 -5 -5 -5 -5 -4 -4 -4 -4 ------- Run | Yrd Mat Min Exi Min Mat Gar Mat Gar Fac Was Fac Gar Fac Was Fac DSF Fac Was Fac Upp War Pro Fac Gar Fac Combat Hostiles Destroyed 205 | . 7 4 . . 30 13 1 17 8 . 1 14 22 7 . . 4 . 9 1 . 11 5 24 27 Melee 49 | . . . . . . . 1 3 3 . 1 1 13 . . . . . 4 . . 4 1 1 17 Guns 25 | . 7 4 . . 12 2 . . . . . . . . . . . . . . . . . . . Cannons 5 | . . . . . 5 . . . . . . . . . . . . . . . . . . . . AOE 81 | . . . . . 9 7 . 11 4 . . 12 7 6 . . 4 . . . . . . 16 5 Classes Destroyed 20 | . 5 1 . . 4 1 1 1 . . . . . 2 . . 1 . . . . 1 . 2 1 Worker 16 | . . . . . 2 . . . 1 . 3 . 4 . . . 1 . 2 . . . 1 . 2 Builder 18 | . 1 . . . . . 1 . . . 2 . 8 . . . 1 . 4 . . . . . 1 Tunneler 7 | . . . . . 2 . . . . . 1 . . . . . 1 . 1 . . . . . 2 Hauler 12 | . 1 . . . 2 . . . . . . . 2 . . . . . 4 . . . 1 . 2 Recycler 7 | . 1 . . . . . . . . . . . 2 . . . . . 2 . . . . . 2 Mechanic 2 | . . . . . . . 1 . . . . . . . . . . . . . . . 1 . . Operator 3 | . . . . . . . . . . . . . . . . . 1 . 1 . . . 1 . . Watcher 11 | . . . . . 2 . 1 . . . 1 . . . . . . . 2 . . . 2 . 3 Swarmer 70 | . 3 3 . . 8 7 . . 6 . . 10 10 . . . 4 . . . . 4 . 15 . Saboteur 1 | . . . . . . . . . . . . . . . . . . . . . . . . 1 . Grunt 80 | . 4 . . . 15 3 1 12 . . . 3 9 1 . . . . 8 . . 3 2 3 16 Brawler 2 | . . . . . . . . . . . . . . . . . . . . . . 1 1 . . Protector 1 | . . . . . . . . . . . . . . . . . . . . . . . . . 1 Sentry 21 | . . 1 . . 6 2 . 3 . . 1 . 1 . . . . . . 1 . 1 . 4 1 Demolisher 1 | . . . . . . 1 . . . . . . . . . . . . . . . . . . . Hunter 7 | . . . . . 1 . . . 1 . . 1 . . . . . . . . . 2 2 . . Programmer 15 | . . . . . . . . 2 1 . . . 2 . . . . . 1 . . . . . 9 Behemoth 1 | . . . . . . . . . . . . . . . . . . . . . . . . 1 . Compactor 6 | . . . . . . . . . . . . . . 6 . . . . . . . . . . . Surgeon 2 | . . . . . . . . . . . . . . . . . 2 . . . . . . . . Wasp 1 | . . . . . . . . . . . . . . 1 . . . . . . . . . . . Thug 3 | . . . . . . . . . . . . . . . . . 3 . . . . . . . . Butcher 2 | . . . . . . . . . . . . . . 1 . 1 . . . . . . . . . Martyr 2 | . . . . . . . . . . . . . . 2 . . . . . . . . . . . Best Kill Streak 12 | . 3 3 . . 7 3 1 7 3 . 3 6 8 4 . . 7 . 4 1 . 4 3 12 5 Combat Bots Only 12 | . 3 3 . . 7 3 1 7 3 . 1 6 7 4 . . 4 . 4 1 . 4 2 12 4 Max Kills in Single Turn 5 | . 1 1 . . 4 2 1 2 1 . 1 3 3 2 . 1 5 . 1 1 . 1 1 4 3 Gunslinging 1 | . . . . . 1 . . . . . . . . . . . . . . . . . . . . Exploded 4 | . . . . . 3 2 . 2 1 . . 3 3 2 . . 4 . . . . . . 4 3 Melee 1 | . . . . . . . 1 1 1 . 1 1 1 . . . . . 1 . . 1 1 1 1 Uniques/NPCs Destroyed . | . . . . . . . . . . . . . . . . . . . . . . . . . . Combat | -11 -10 -10 -10 -9 -8 -8 -8 -8 -7 -7 -7 -7 -6 -6 -6 -6 -5 -5 -5 -5 -5 -4 -4 -4 -4 -------- Run | Yrd Mat Min Exi Min Mat Gar Mat Gar Fac Was Fac Gar Fac Was Fac DSF Fac Was Fac Upp War Pro Fac Gar Fac Hostile Shots Fired 1136 | . 31 32 . . 124 49 6 56 44 . 27 41 164 2 . . 5 . 20 6 . 96 109 125 199 Missed 338 | . 9 12 . . 37 19 1 11 15 . 7 13 35 . . . 4 . 4 4 . 34 40 33 60 Hits 798 | . 22 20 . . 87 30 5 45 29 . 20 28 129 2 . . 1 . 16 2 . 62 69 92 139 Melee 11 | . . . . . 2 . . . . . . . . . . . . . . . . 2 4 3 . Projectile 787 | . 22 20 . . 85 30 5 45 29 . 20 28 129 2 . . 1 . 16 2 . 60 65 89 139 AOE 4 | . . . . . . 2 . . . . . . . . . . . . 1 . . . . . 1 Critical Strikes 24 | . 2 . . . . 1 . 2 1 . . . 1 1 . 1 . . . . . 1 7 2 5 Damage Taken 13976 | . 283 191 . . 1256 609 77 832 446 . 149 540 2059 476 . 33 18 . 553 48 . 970 1255 1601 2580 Core 1526 | . 35 33 . . 138 88 31 158 78 . 23 28 236 18 . . . . 50 . . 62 170 180 198 Absorbed by Shields 1172 | . . . . . . . . 71 . . . . 13 . . . . . . . . . 70 618 400 Regen/Repaired (Parts) 567 | . . . . . . . 156 . . . . . . 230 . 24 . . . . 24 . 133 . . Core Remaining (%) 72 | 100 . . . 72 . . . 24 . . . 81 . . . 70 . . . . . 88 . . . Volleys Fired 269 | . 38 12 . . 89 36 . 34 6 . . 14 9 8 . . 1 . . . 1 . . 8 13 Largest 3 | . 2 2 . . 3 2 . 1 1 . . 1 1 1 . . 1 . . . 1 . . 1 1 Hottest 207 | . 40 60 . . 207 90 . 33 36 . . 30 30 50 . . 50 . . . 100 . . 50 50 Shots Fired 412 | . 76 20 . . 165 55 . 36 6 . . 14 9 8 . . 1 . . . 1 . . 8 13 Gun 257 | . 76 20 . . 122 39 . . . . . . . . . . . . . . . . . . . Cannon 39 | . . . . . 38 . . . . . . . . . . . . . . . 1 . . . . Launcher 116 | . . . . . 5 16 . 36 6 . . 14 9 8 . . 1 . . . . . . 8 13 Special . | . . . . . . . . . . . . . . . . . . . . . . . . . . Kinetic 91 | . 76 15 . . . . . . . . . . . . . . . . . . . . . . . Thermal 53 | . . . . . 53 . . . . . . . . . . . . . . . . . . . . Explosive 109 | . . . . . 5 11 . 36 4 . . 14 9 8 . . 1 . . . . . . 8 13 Electromagnetic 158 | . . 5 . . 107 44 . . 2 . . . . . . . . . . . . . . . . Entropic 1 | . . . . . . . . . . . . . . . . . . . . . 1 . . . . Robot Hit Streak 14 | . 9 12 . . 11 14 . 5 . . . 9 2 7 . . . . . . . . . 2 2 Robot Miss Streak 15 | . 3 5 . . 4 2 . 2 . . . 1 3 8 . . 10 . . . . . . 15 11 Penetration Max . | . . . . . . . . . . . . . . . . . . . . . . . . . . Secondary Targets 5 | . 1 2 . . 2 . . . . . . . . . . . . . . . . . . . . Max Gunslinging Chain 1 | . 1 1 . . 1 . . . . . . . . . . . . . . . . . . . . Shots Hit Robots 671 | . 51 14 . . 112 29 8 24 6 . 15 11 74 18 . 3 12 . 54 7 . 35 32 53 113 Core Hits 394 | . 24 6 . . 56 13 2 39 9 . 3 29 42 26 . 1 10 . 6 1 . 6 3 46 72 Critical Kills 13 | . 1 . . . . . 1 1 . . . . 2 . . . . . 3 . . 1 . . 4 Critical Parts Destroyed 70 | . . . . . 1 1 1 4 1 . . . 3 2 . 1 1 . 13 1 . 10 9 8 14 Critical Strikes 103 | . 1 . . . 2 1 2 5 1 . 1 . 10 2 . 1 2 . 17 1 . 11 9 11 26 Burn 1 | . . . . . 1 . . . . . . . . . . . . . . . . . . . . Destroy 1 | . 1 . . . . . . . . . . . . . . . . . . . . . . . . Smash 84 | . . . . . 1 1 2 5 1 . . . 5 2 . 1 1 . 16 1 . 11 9 10 18 Sever 6 | . . . . . . . . . . . . . 2 . . . 1 . 1 . . . . 1 1 Impale 11 | . . . . . . . . . . . 1 . 3 . . . . . . . . . . . 7 Melee Attacks 745 | . . . . . 2 6 10 32 15 3 26 7 145 12 . 3 18 1 100 7 10 59 52 69 168 Thermal 4 | . . . . . . . . . . . . . . . . . . . . . . . . 4 . Impact 516 | . . . . . 2 6 10 32 6 1 10 3 65 6 . 1 5 . 94 7 10 59 52 53 94 Slashing 104 | . . . . . . . . . . . 7 2 42 . . . 13 1 6 . . . . 12 21 Piercing 121 | . . . . . . . . . 9 2 9 2 38 6 . 2 . . . . . . . . 53 Sneak Attacks 105 | . . . . . . . 2 . 1 . 8 . 22 9 . 3 12 . 24 . . . 4 . 20 Combat Hostiles 14 | . . . . . . . . . . . . . . . . . . . 7 . . . . . 7 Follow-up Attacks 213 | . . . . . . 1 2 2 3 . 4 2 29 2 . 1 4 . 27 5 . 26 17 28 60 Damage Inflicted 37972 | . 440 134 . . 2767 1197 473 1632 562 . 924 1618 4288 3320 . 132 1278 . 4103 243 . 1730 1849 3591 7691 Guns 2301 | . 436 134 . . 1395 336 . . . . . . . . . . . . . . . . . . . Cannons 659 | . . . . . 659 . . . . . . . . . . . . . . . . . . . . Explosions 11710 | . . . . . 683 673 . 1089 280 . . 1433 762 2767 . . 527 . . . . . . 1684 1812 Melee 23257 | . . . . . 30 188 473 543 282 . 924 185 3526 553 . 132 751 . 4103 243 . 1730 1813 1907 5874 Ramming 45 | . 4 . . . . . . . . . . . . . . . . . . . . . 36 . 5 Kinetic 516 | . 436 80 . . . . . . . . . . . . . . . . . . . . . . . Thermal 1125 | . . . . . 927 198 . . . . . . . . . . . . . . . . . . . Explosive 10965 | . . . . . 467 411 . 1089 201 . . 1433 574 2767 . . 527 . . . . . . 1684 1812 Electromagnetic 2064 | . . 54 . . 1343 400 . . 79 . . . 188 . . . . . . . . . . . . Impact 16630 | . . . . . 30 188 473 543 152 . 179 94 1442 315 . 54 90 . 3948 243 . 1730 1813 1629 3707 Slashing 3598 | . . . . . . . . . . . 569 42 1369 . . . 661 . 155 . . . . 278 524 Piercing 3029 | . . . . . . . . . 130 . 176 49 715 238 . 78 . . . . . . . . 1643 Highest Corruption 15 | . . . . 1 . . . 4 3 3 3 . 2 2 2 2 . . 2 2 2 . . . 15 Average Corruption 3 | . . . . 1 . . . 3 2 3 2 . 1 2 2 2 . . 1 2 2 . . . 8 Corruption Purged 3 | . . . . . . . . . . . 3 . . . . . . . . . . . . . . Corruption Blocked . | . . . . . . . . . . . . . . . . . . . . . . . . . . Effects 81 | . . . . . . . . 17 . 4 4 . 6 7 . 3 . . 4 4 2 . . . 30 Message Errors 27 | . . . . . . . . 4 . . 3 . 2 2 . 1 . . 2 . 1 . . . 12 Matter Fused 17 | . . . . . . . . 5 . 1 . . . 1 . 1 . . 1 . . . . . 8 Heat Flow Errors 11 | . . . . . . . . 1 . . . . 3 3 . . . . . 2 . . . . 2 Energy Discharges 7 | . . . . . . . . 3 . 1 . . . . . . . . 1 1 . . . . 1 Parts Rejected 2 | . . . . . . . . . . 1 . . . . . . . . . . . . . . 1 Parts Fused 1 | . . . . . . . . . . . . . . . . . . . . . . . . . 1 Data Loss (minor) 8 | . . . . . . . . 1 . 1 1 . 1 1 . 1 . . . . 1 . . . 1 Data Loss (major) 4 | . . . . . . . . 1 . . . . . . . . . . . 1 . . . . 2 Misfires 2 | . . . . . . . . 2 . . . . . . . . . . . . . . . . . Misdirections 2 | . . . . . . . . . . . . . . . . . . . . . . . . . 2 Overload Shots . | . . . . . . . . . . . . . . . . . . . . . . . . . . Overflow Damage 7616 | . . . . . 38 104 137 181 78 . 292 38 745 171 . 54 263 . 1900 41 . 631 757 475 1711 Projectiles 57 | . . . . . . . . . . . . . . . . . . . 57 . . . . . . Explosions 297 | . . . . . 8 58 . 14 . . . 19 . . . . 72 . . . . . . 86 40 Melee 7262 | . . . . . 30 46 137 167 78 . 292 19 745 171 . 54 191 . 1843 41 . 631 757 389 1671 Knockbacks 44 | . . . . . . . 2 . 1 . 1 1 8 3 . . 1 . 6 . . 4 8 . 9 Impact 42 | . . . . . . . 2 . 1 . 1 1 8 2 . . 1 . 5 . . 4 8 . 9 Kinetic . | . . . . . . . . . . . . . . . . . . . . . . . . . . Secondary 2 | . . . . . . . . . . . . . . 1 . . . . 1 . . . . . . Self-Inflicted Damage 1168 | . . . . . 48 144 . 214 . . . 123 48 447 . . . . . . . . . 104 40 Shots 46 | . . . . . 2 5 . 8 . . . 3 3 19 . . . . . . . . . 5 1 Rammed 3 | . 3 . . . . . . . . . . . . . . . . . . . . . . . . Targets Rammed 5 | . 3 . . . . . . . . . . . . . . . . . . . . . 1 . 1 Kicked 2 | . . . . . . . . . . . . . . . . . . . . . . . 1 . 1 Crushed . | . . . . . . . . . . . . . . . . . . . . . . . . . . Highest Temperature 334 | . 42 33 . . 276 83 . 124 . . . 10 271 269 . 51 . . . 225 48 . 24 334 254 Average Temperature 67 | . 17 14 . . 72 32 . 39 . . . 3 113 111 . 28 . . . 101 31 . 5 163 95 Received Heat Transfer 2999 | . 114 18 . . 450 216 45 180 . . 42 126 342 36 . 36 . . 138 . . 90 246 588 332 Effects 2 | . . . . . 1 . . . . . . . . . . . . . . . . . . 1 . Energy Bleed 2 | . . . . . 1 . . . . . . . . . . . . . . . . . . 1 . Siege Activations . | . . . . . . . . . . . . . . . . . . . . . . . . . . Martial Activations . | . . . . . . . . . . . . . . . . . . . . . . . . . . Shielding Activations . | . . . . . . . . . . . . . . . . . . . . . . . . . . Robots Disrupted . | . . . . . . . . . . . . . . . . . . . . . . . . . . Combat Hostiles . | . . . . . . . . . . . . . . . . . . . . . . . . . . Robots Corrupted 64 | . . . . . 4 4 2 3 1 . . 1 5 3 . 1 1 . 10 1 . 7 7 7 7 Combat Hostiles 44 | . . . . . 4 4 . 3 1 . . 1 2 . . . . . 5 1 . 7 4 7 5 Parts Fried 67 | . . . . . 8 2 3 2 . . 2 . 9 2 . . . . 19 . . 5 7 3 5 Impact Corruptions 194 | . . . . . 1 3 6 6 2 . 3 1 15 4 . 1 2 . 52 2 . 20 25 15 36 Robots Melted . | . . . . . . . . . . . . . . . . . . . . . . . . . . Combat Hostiles . | . . . . . . . . . . . . . . . . . . . . . . . . . . Parts Melted 4 | . . . . . 3 . . . . . . . . . . . . . . . . . . . 1 Heat Transferred 1943 | . . . . . 1693 250 . . . . . . . . . . . . . . . . . . . Parts Sabotaged 8 | . . . . . . . . . . . . . . . . . . . . . . . . 8 . Parts Stolen . | . . . . . . . . . . . . . . . . . . . . . . . . . . Parts Stripped . | . . . . . . . . . . . . . . . . . . . . . . . . . . Power Chain Reactions 8 | . . . . . 2 4 . . . . . . 2 . . . . . . . . . . . . Alert | -11 -10 -10 -10 -9 -8 -8 -8 -8 -7 -7 -7 -7 -6 -6 -6 -6 -5 -5 -5 -5 -5 -4 -4 -4 -4 ------- Run | Yrd Mat Min Exi Min Mat Gar Mat Gar Fac Was Fac Gar Fac Was Fac DSF Fac Was Fac Upp War Pro Fac Gar Fac Maximum Alert Level 3 | . . . . . 2 3 1 3 2 . . 2 2 1 . 1 2 . 1 . . . . 3 2 Low Security (%) 47 | 100 100 100 . 100 44 . . 1 . 100 100 54 25 87 100 73 25 100 77 . . . 100 22 . Level 1 26 | . . . . . 42 15 100 11 . . . 25 40 12 . 26 5 . 22 . . . . 43 57 Level 2 19 | . . . . . 13 50 . 19 100 . . 19 33 . . . 69 . . . . . . 26 42 Level 3 6 | . . . . . . 33 . 67 . . . . . . . . . . . . . . . 8 . Level 4 . | . . . . . . . . . . . . . . . . . . . . . . . . . . Level 5 . | . . . . . . . . . . . . . . . . . . . . . . . . . . High Security . | . . . . . . . . . . . . . . . . . . . . . . . . . . Max Security . | . . . . . . . . . . . . . . . . . . . . . . . . . . Sterilizations 1 | . . . . . . . . . . . . . . . . 1 . . . . . . . . . Peak Influence 934 | . 110 60 . . 477 800 390 934 541 185 81 410 440 232 . 353 494 165 248 . . . 35 726 575 Initial 490 | . . . . . . 307 390 170 490 185 81 . 214 150 . 3 184 163 3 . . . . . 380 Average 259 | . 29 11 . . 212 574 324 690 484 152 19 204 322 106 . 161 392 87 128 . . . 7 345 408 Influence Increases 8231 | . 224 90 . . 1009 553 62 864 231 2 74 460 820 112 5 453 352 2 659 20 . 325 175 816 923 Destroy 0b10 Robot/C 4260 | . 140 80 . . 600 260 20 420 160 . 20 280 440 20 . 220 80 . 180 20 . 220 100 480 520 Destroy 0b10 Robot/NC 385 | . 15 . . . 40 . 15 . 5 . 35 . 80 . . . 20 . 80 . . . 30 . 65 Destroy Leader 666 | . 32 10 . . 148 . 12 30 40 . 12 40 94 . . 40 10 . 22 . . 30 16 20 110 Allied During Kill 255 | . . . . . . . . 18 . . . . . . . 193 44 . . . . . . . . Successful Hack 89 | . 7 . . . 10 . . 7 7 . 4 . 26 . 5 . . . 5 . . . 8 . 10 Disable Machine 420 | . . . . . 75 30 . 15 . . . . 75 . . . 150 . 30 . . . 15 15 15 Anti-Garrison Action 750 | . . . . . . 150 . 200 . . . 50 . . . . . . 200 . . . . 150 . Destroy Structure 911 | . . . . . 31 98 . 174 19 2 3 90 45 92 . . 48 2 22 . . . 6 121 158 Lose Combat Pursuer 495 | . 30 . . . 105 15 15 . . . . . 60 . . . . . 120 . . 75 . 30 45 Influence Decreases 7674 | . 224 90 . . 536 226 600 192 634 416 191 50 800 542 . 105 239 463 437 195 52 325 175 90 1092 Entered New Map 2929 | . . . . . . 166 410 92 444 346 36 . 196 280 . 2 169 303 2 85 52 . . . 346 Time Decay 3782 | . 224 80 . . 456 . 190 . 160 70 155 . 404 262 . . 70 160 435 110 . 325 155 . 526 Lost Part 820 | . . 10 . . 80 60 . 60 30 . . 50 200 . . . . . . . . . 20 90 220 Lost Ally 143 | . . . . . . . . 40 . . . . . . . 103 . . . . . . . . . Squads Dispatched 37 | . 1 . . . 6 . 1 . 1 . 1 . 6 . . 2 2 . 3 . . . 4 . 10 Investigation 7 | . . . . . 1 . 1 . . . . . . . . . . . 1 . . . 1 . 3 Extermination 10 | . . . . . . . . . 1 . 1 . 1 . . . . . 2 . . . 1 . 4 Reinforcement 13 | . 1 . . . 2 . . . . . . . 2 . . 2 2 . . . . . 2 . 2 Assault 3 | . . . . . . . . . . . . . 2 . . . . . . . . . . . 1 Garrison 4 | . . . . . 3 . . . . . . . 1 . . . . . . . . . . . . Intercept . | . . . . . . . . . . . . . . . . . . . . . . . . . . Searches Triggered . | . . . . . . . . . . . . . . . . . . . . . . . . . . Construction Impeded 1 | . . . . . . . . . . . . . . . . . 1 . . . . . . . . Haulers Reinforced 3 | . . . . . . . . . . . . . 1 . . . . . . . . . . . 2 Active Scanning Responses . | . . . . . . . . . . . . . . . . . . . . . . . . . . Cargo Convoy Interrupts . | . . . . . . . . . . . . . . . . . . . . . . . . . . Stealth | -11 -10 -10 -10 -9 -8 -8 -8 -8 -7 -7 -7 -7 -6 -6 -6 -6 -5 -5 -5 -5 -5 -4 -4 -4 -4 --------- Run | Yrd Mat Min Exi Min Mat Gar Mat Gar Fac Was Fac Gar Fac Was Fac DSF Fac Was Fac Upp War Pro Fac Gar Fac Distress Signals 11 | . 4 . . . 2 . . . . . 1 . 1 . . . 1 . . . . . . . 2 Communications Jammed 2 | . . . . . . . . . . . . . . . . . . . . . . . 2 . . Distress Signals 2 | . . . . . . . . . . . . . . . . . . . . . . . 2 . . Times Spotted 310 | . 15 5 . . 50 14 3 20 8 5 4 14 37 6 . 4 5 . 21 1 3 16 12 30 37 Peak Tracking Total 8 | . 5 3 . . 7 3 2 4 3 4 3 6 7 4 . 3 5 . 5 1 3 4 3 8 6 Tactical Retreats 24 | . 1 . . . 7 1 1 . . 1 . . 2 . . . . . 3 . . 3 . 2 3 Traps | -11 -10 -10 -10 -9 -8 -8 -8 -8 -7 -7 -7 -7 -6 -6 -6 -6 -5 -5 -5 -5 -5 -4 -4 -4 -4 ------- Run | Yrd Mat Min Exi Min Mat Gar Mat Gar Fac Was Fac Gar Fac Was Fac DSF Fac Was Fac Upp War Pro Fac Gar Fac Traps Triggered 17 | . 1 . . . 2 1 . 2 1 . . 1 2 . . . 1 . 1 . . . 1 2 2 Indirectly . | . . . . . . . . . . . . . . . . . . . . . . . . . . Trap Hack Attempts . | . . . . . . . . . . . . . . . . . . . . . . . . . . Triggered . | . . . . . . . . . . . . . . . . . . . . . . . . . . Disarmed . | . . . . . . . . . . . . . . . . . . . . . . . . . . Reprogrammed . | . . . . . . . . . . . . . . . . . . . . . . . . . . Reused . | . . . . . . . . . . . . . . . . . . . . . . . . . . Traps Extracted . | . . . . . . . . . . . . . . . . . . . . . . . . . . Installed . | . . . . . . . . . . . . . . . . . . . . . . . . . . Triggered . | . . . . . . . . . . . . . . . . . . . . . . . . . . Machines | -11 -10 -10 -10 -9 -8 -8 -8 -8 -7 -7 -7 -7 -6 -6 -6 -6 -5 -5 -5 -5 -5 -4 -4 -4 -4 ---------- Run | Yrd Mat Min Exi Min Mat Gar Mat Gar Fac Was Fac Gar Fac Was Fac DSF Fac Was Fac Upp War Pro Fac Gar Fac Machines Disabled 40 | . . . . . 5 6 . 4 . . . 1 5 . . 1 10 . 2 . 1 . 1 3 1 Max in Single Turn 7 | . . . . . 1 1 . 1 . . . 1 4 . . . 7 . 1 . 1 . 1 1 1 Garrison Access 3 | . . . . . . . . . . . . . 1 . . . . . 1 . . . . . 1 Garrison Relay 8 | . . . . . . 2 . 3 . . . 1 . . . . . . . . . . . 2 . Phase Generator 1 | . . . . . . 1 . . . . . . . . . . . . . . . . . . . Machines Repaired . | . . . . . . . . . . . . . . . . . . . . . . . . . . Machines Dismantled . | . . . . . . . . . . . . . . . . . . . . . . . . . . Machines Sabotaged . | . . . . . . . . . . . . . . . . . . . . . . . . . . Overloaded Fab Kills . | . . . . . . . . . . . . . . . . . . . . . . . . . . Hacking | -11 -10 -10 -10 -9 -8 -8 -8 -8 -7 -7 -7 -7 -6 -6 -6 -6 -5 -5 -5 -5 -5 -4 -4 -4 -4 --------- Run | Yrd Mat Min Exi Min Mat Gar Mat Gar Fac Was Fac Gar Fac Was Fac DSF Fac Was Fac Upp War Pro Fac Gar Fac Machines Accessed 29 | . 2 . 1 . 5 . 2 1 2 . 1 . 2 . 1 . . . 2 . 2 . 3 1 4 Terminals 12 | . 2 . . . 3 . . 1 . . . . 1 . 1 . . . 1 . . . 1 1 1 Fabricators 2 | . . . . . . . . . 1 . . . . . . . . . . . . . . . 1 Repair Stations 3 | . . . . . . . 1 . . . . . . . . . . . . . . . 1 . 1 Recycling Units . | . . . . . . . . . . . . . . . . . . . . . . . . . . Scanalyzers 2 | . . . . . 1 . . . . . . . 1 . . . . . . . . . . . . Garrison Access 7 | . . . . . 1 . 1 . 1 . 1 . . . . . . . 1 . . . 1 . 1 Total Hacks 62 | . 4 . 4 . 12 . 8 2 4 . 1 . 4 . 1 . . . 3 . 2 . 4 2 11 Successful 33 | . 1 . 4 . 3 . 5 1 3 . 1 . 3 . 1 . . . 2 . 2 . 4 . 3 Failed 28 | . 3 . . . 8 . 3 1 1 . . . 1 . . . . . 1 . . . . 2 8 Catastrophic 6 | . . . . . 3 . . 1 1 . . . . . . . . . . . . . . 1 . Database Lockouts 1 | . . . . . 1 . . . . . . . . . . . . . . . . . . . . Manual 27 | . 4 . . . 8 . . . 1 . . . . . . . . . 3 . . . 2 2 7 Terminals 26 | . 4 . . . 8 . . 2 . . . . 1 . 1 . . . 2 . . . 2 2 4 Fabricators 6 | . . . . . . . . . 3 . . . . . . . . . . . . . . . 3 Repair Stations 9 | . . . . . . . 5 . . . . . . . . . . . . . . . 1 . 3 Recycling Units . | . . . . . . . . . . . . . . . . . . . . . . . . . . Scanalyzers 6 | . . . . . 3 . . . . . . . 3 . . . . . . . . . . . . Garrison Access 9 | . . . . . 1 . 3 . 1 . 1 . . . . . . . 1 . . . 1 . 1 Terminal Hacks 12 | . 1 . 4 . 1 . . 1 . . . . 1 . 1 . . . . . 2 . 1 . . Record 4 | . . . 4 . . . . . . . . . . . . . . . . . . . . . . Part Schematic 2 | . 1 . . . 1 . . . . . . . . . . . . . . . . . . . . Open Door 3 | . . . . . . . . 1 . . . . . . . . . . . . 2 . . . . Open DSF 1 | . . . . . . . . . . . . . . . 1 . . . . . . . . . . Branch Access Points 1 | . . . . . . . . . . . . . . . . . . . . . . . 1 . . Locate Traps 1 | . . . . . . . . . . . . . 1 . . . . . . . . . . . . Fabricator Hacks 4 | . . . . . . . . . 2 . . . . . . . . . . . . . . . 2 Load Schematic 2 | . . . . . . . . . 1 . . . . . . . . . . . . . . . 1 Build 2 | . . . . . . . . . 1 . . . . . . . . . . . . . . . 1 Repair Station Hacks 4 | . . . . . . . 4 . . . . . . . . . . . . . . . . . . Scan Component 2 | . . . . . . . 2 . . . . . . . . . . . . . . . . . . Repair 2 | . . . . . . . 2 . . . . . . . . . . . . . . . . . . Recycling Unit Hacks . | . . . . . . . . . . . . . . . . . . . . . . . . . . Scanalyzer 3 | . . . . . 1 . . . . . . . 2 . . . . . . . . . . . . Insert Component 1 | . . . . . . . . . . . . . 1 . . . . . . . . . . . . Analyze 1 | . . . . . . . . . . . . . 1 . . . . . . . . . . . . Retrieve Study 1 | . . . . . 1 . . . . . . . . . . . . . . . . . . . . Garrison Access Hacks 5 | . . . . . 1 . 1 . . . 1 . . . . . . . . . . . 1 . 1 Unlock Access 4 | . . . . . 1 . 1 . . . 1 . . . . . . . . . . . 1 . . Seal Access 1 | . . . . . . . . . . . . . . . . . . . . . . . . . 1 Unauthorized Hacks 5 | . . . . . . . . . 1 . . . . . . . . . 2 . . . 2 . . Terminals 2 | . . . . . . . . . . . . . . . . . . . 1 . . . 1 . . Botnet 2 | . . . . . . . . . . . . . . . . . . . 1 . . . 1 . . Fabricators 1 | . . . . . . . . . 1 . . . . . . . . . . . . . . . . Prioritize 1 | . . . . . . . . . 1 . . . . . . . . . . . . . . . . Repair Stations 1 | . . . . . . . . . . . . . . . . . . . . . . . 1 . . Patch 1 | . . . . . . . . . . . . . . . . . . . . . . . 1 . . Recycling Units . | . . . . . . . . . . . . . . . . . . . . . . . . . . Scanalyzers . | . . . . . . . . . . . . . . . . . . . . . . . . . . Garrison Access 1 | . . . . . . . . . . . . . . . . . . . 1 . . . . . . Jam 1 | . . . . . . . . . . . . . . . . . . . 1 . . . . . . Data Cores Recovered 1 | . . . . . . . . . . . . . . . . . . . 1 . . . . . . Used . | . . . . . . . . . . . . . . . . . . . . . . . . . . Hacking Detections 18 | . 2 . . . 5 . 2 1 1 . 1 . 1 . . . . . 1 . . . . 1 3 Full Trace Events 6 | . 1 . . . . . 1 1 . . . . . . . . . . . . . . . 1 2 Feedback Events 1 | . . . . . . . . 1 . . . . . . . . . . . . . . . . . Corruption 1 | . . . . . . . . 1 . . . . . . . . . . . . . . . . . Feedback Blocked . | . . . . . . . . . . . . . . . . . . . . . . . . . . Robot Schematics Acquired . | . . . . . . . . . . . . . . . . . . . . . . . . . . Robots Built . | . . . . . . . . . . . . . . . . . . . . . . . . . . Authchips . | . . . . . . . . . . . . . . . . . . . . . . . . . . Time . | . . . . . . . . . . . . . . . . . . . . . . . . . . Total Robot Build Rating . | . . . . . . . . . . . . . . . . . . . . . . . . . . Part Schematics Acquired 3 | . 1 . . . 1 . . . . . . . 1 . . . . . . . . . . . . Parts Built 3 | . . . . . . . . . 2 . . . . . . . . . . . . . . . 1 Authchips 1 | . . . . . . . . . 1 . . . . . . . . . . . . . . . . Time 98 | . . . . . . . . . 73 . . . . . . . . . . . . . . . 25 Total Part Build Rating 7 | . . . . . . . . . 6 . . . . . . . . . . . . . . . 1 Part Studies Acquired 1 | . . . . . 1 . . . . . . . . . . . . . . . . . . . . Parts Repaired 2 | . . . . . . . 2 . . . . . . . . . . . . . . . . . . Time 74 | . . . . . . . 74 . . . . . . . . . . . . . . . . . . Parts Recycled . | . . . . . . . . . . . . . . . . . . . . . . . . . . Recycled Matter . | . . . . . . . . . . . . . . . . . . . . . . . . . . Retrieved Matter . | . . . . . . . . . . . . . . . . . . . . . . . . . . Retrieved Components . | . . . . . . . . . . . . . . . . . . . . . . . . . . Parts Scanalyzed 1 | . . . . . . . . . . . . . 1 . . . . . . . . . . . . Part Schematics Acquired 1 | . . . . . . . . . . . . . 1 . . . . . . . . . . . . Parts Damaged . | . . . . . . . . . . . . . . . . . . . . . . . . . . Bothacking | -11 -10 -10 -10 -9 -8 -8 -8 -8 -7 -7 -7 -7 -6 -6 -6 -6 -5 -5 -5 -5 -5 -4 -4 -4 -4 ------------ Run | Yrd Mat Min Exi Min Mat Gar Mat Gar Fac Was Fac Gar Fac Was Fac DSF Fac Was Fac Upp War Pro Fac Gar Fac Used RIF Installer . | . . . . . . . . . . . . . . . . . . . . . . . . . . Robots Hacked . | . . . . . . . . . . . . . . . . . . . . . . . . . . Non-combat . | . . . . . . . . . . . . . . . . . . . . . . . . . . Combat . | . . . . . . . . . . . . . . . . . . . . . . . . . . Robot Hacks Applied . | . . . . . . . . . . . . . . . . . . . . . . . . . . Relay Couplers Released 33 | . . . . . . 8 . 11 . . . 4 . . . . . . . . . . . 10 . Machine Destruction 33 | . . . . . . 8 . 11 . . . 4 . . . . . . . . . . . 10 . Fabnet Peak Effective % . | . . . . . . . . . . . . . . . . . . . . . . . . . . Robots Rewired 2 | . . . . . . . . 2 . . . . . . . . . . . . . . . . . Allies Hacked . | . . . . . . . . . . . . . . . . . . . . . . . . . . Hacks Repelled . | . . . . . . . . . . . . . . . . . . . . . . . . . . Allies | -11 -10 -10 -10 -9 -8 -8 -8 -8 -7 -7 -7 -7 -6 -6 -6 -6 -5 -5 -5 -5 -5 -4 -4 -4 -4 -------- Run | Yrd Mat Min Exi Min Mat Gar Mat Gar Fac Was Fac Gar Fac Was Fac DSF Fac Was Fac Upp War Pro Fac Gar Fac Total Allies 21 | . . . . . . . . 2 . . . . . 19 . . . . . . . . . . . Largest Group 19 | . . . . . . . . 2 . . . . . 19 15 15 5 . . . . . . . . Highest-Rated Group 702 | . . . . . . . . 56 . . . . . 702 539 539 192 . . . . . . . . Highest-Rated Ally 50 | . . . . . . . . 31 . . . . . 50 46 46 46 . . . . . . . . Initial Warlord ECA Mod 21 | . . . . . . . 7 7 11 11 11 11 11 11 11 11 20 20 20 20 20 19 19 19 21 Total Orders . | . . . . . . . . . . . . . . . . . . . . . . . . . . Ally Attacks 97 | . . . . . . . . 11 . . . . . . . 84 2 . . . . . . . . Total Damage 2210 | . . . . . . . . 258 . . . . . . . 1906 46 . . . . . . . . Kills 16 | . . . . . . . . 4 . . . . . . . 12 . . . . . . . . . Allies Corrupted 4 | . . . . . . . . . . . . . . 2 . 1 1 . . . . . . . . Allies Melted . | . . . . . . . . . . . . . . . . . . . . . . . . . . Intel | -11 -10 -10 -10 -9 -8 -8 -8 -8 -7 -7 -7 -7 -6 -6 -6 -6 -5 -5 -5 -5 -5 -4 -4 -4 -4 ------- Run | Yrd Mat Min Exi Min Mat Gar Mat Gar Fac Was Fac Gar Fac Was Fac DSF Fac Was Fac Upp War Pro Fac Gar Fac Active Infowar (turns) 8542 | . 299 49 . . . . . 19 332 152 491 189 624 635 7 304 152 327 1129 235 602 998 591 6 1401 Optics 3302 | . . . . . . . . . . . . . . . . . . . 872 235 602 998 591 4 . Sensors 4332 | . . . . . . . . . . . . . . . . . . . 935 178 572 846 430 6 1365 Seismic 1896 | . 299 49 . . . . . 19 255 64 491 189 458 . . . . . . . . . . . 72 T.N.C. 2146 | . . . . . . . . . . . . . 309 635 7 304 152 327 412 . . . . . . Machine Analysis 550 | . . . . . . . . . 331 152 67 . . . . . . . . . . . . . . Jamming 660 | . . . . . . . . . . . . . . . . . 50 30 170 . . . 410 . . Robot Analysis Total . | . . . . . . . . . . . . . . . . . . . . . . . . . . Derelict Logs Recovered 3 | . . 1 . 1 . . . . . . . . . . . . . . . 1 . . . . . Drone Launches . | . . . . . . . . . . . . . . . . . . . . . . . . . . Drone Recoveries . | . . . . . . . . . . . . . . . . . . . . . . . . . . Exploration | -11 -10 -10 -10 -9 -8 -8 -8 -8 -7 -7 -7 -7 -6 -6 -6 -6 -5 -5 -5 -5 -5 -4 -4 -4 -4 ------------- Run | Yrd Mat Min Exi Min Mat Gar Mat Gar Fac Was Fac Gar Fac Was Fac DSF Fac Was Fac Upp War Pro Fac Gar Fac Turns Passed 14004 | 99 662 330 237 131 1360 585 387 795 337 152 491 321 977 635 7 304 152 327 1129 235 602 998 591 686 1474 Spaces Moved 8411 | 54 340 185 149 82 714 320 200 501 214 108 304 197 438 508 7 181 89 266 715 157 466 660 383 375 798 Core 2 | 2 . . . . . . . . . . . . . . . . . . . . . . . . . Treads 828 | 52 340 185 149 82 17 . . . . . . . 3 . . . . . . . . . . . . Legs 6755 | . . . . . 697 320 200 501 214 108 304 197 138 . . 167 89 266 715 157 466 660 383 375 798 Wheels 826 | . . . . . . . . . . . . . 297 508 7 14 . . . . . . . . . Hover . | . . . . . . . . . . . . . . . . . . . . . . . . . . Flight . | . . . . . . . . . . . . . . . . . . . . . . . . . . Fastest Speed 50 | 50 160 160 160 160 116 118 118 118 115 115 110 110 90 93 108 93 120 120 120 120 113 113 112 112 115 Average Speed 123 | 155 160 160 160 160 124 128 147 118 118 115 114 130 134 107 108 119 120 120 120 120 118 113 112 113 119 Slowest Speed 385 | 160 160 160 160 160 260 182 193 118 190 115 182 180 385 108 108 130 120 120 120 120 120 113 113 116 190 Overloaded Moves . | . . . . . . . . . . . . . . . . . . . . . . . . . . Propulsion Burnouts . | . . . . . . . . . . . . . . . . . . . . . . . . . . Robots Hopped . | . . . . . . . . . . . . . . . . . . . . . . . . . . Potential Cave-ins . | . . . . . . . . . . . . . . . . . . . . . . . . . . Cave-ins Triggered . | . . . . . . . . . . . . . . . . . . . . . . . . . . Exploration Rate (%) 40 | 4 71 46 49 31 66 43 11 62 8 96 10 38 10 96 1 91 5 85 15 26 70 54 11 43 17 Regions Visited 25 Branch Regions 6 Pre-discovered Areas 3 | . . . 1 1 . . . . . . . . . . . . . . . 1 . . . . . Known Exits Taken 9 | . . . . . 1 . 1 . . . 1 . . . 1 . . . 1 1 1 1 1 . . Unknown Exits Taken 5 | 1 1 1 1 1 . . . . . . . . . . . . . . . . . . . . . Scrap Searched 3 | . . . . . . . . . . . . . . . . . . . . . . 3 . . . Spaces Dug 92 | . . . . . . 1 . 30 3 2 3 . 18 . . . 1 1 11 . . 4 3 . 15 Terrain Destroyed 927 | . . . . . 30 125 . 153 18 2 3 80 48 224 . . 23 1 11 . 1 4 3 92 109 Melee 70 | . . . . . . 1 . 8 3 2 3 . 18 . . . 1 1 11 . . 4 3 . 15 Projectile 1 | . . . . . . . . . . . . . . . . . . . . . 1 . . . . AOE 856 | . . . . . 30 124 . 145 15 . . 80 30 224 . . 22 . . . . . . 92 94 Terrain Rammed . | . . . . . . . . . . . . . . . . . . . . . . . . . . Walls Destroyed . | . . . . . . . . . . . . . . . . . . . . . . . . . . Machines Disabled . | . . . . . . . . . . . . . . . . . . . . . . . . . . Actions | -11 -10 -10 -10 -9 -8 -8 -8 -8 -7 -7 -7 -7 -6 -6 -6 -6 -5 -5 -5 -5 -5 -4 -4 -4 -4 --------- Run | Yrd Mat Min Exi Min Mat Gar Mat Gar Fac Was Fac Gar Fac Was Fac DSF Fac Was Fac Upp War Pro Fac Gar Fac Total 10683 | 69 395 202 148 82 1024 426 277 614 271 131 419 237 641 559 6 279 114 272 869 197 506 841 477 534 1093 Wait 898 | . 10 . . . 132 49 58 11 16 19 66 7 39 20 . . 4 . 71 36 2 139 26 72 121 Move 8391 | 53 339 184 148 81 714 319 199 500 214 107 303 196 438 507 6 180 89 265 714 156 465 659 383 374 798 Hop . | . . . . . . . . . . . . . . . . . . . . . . . . . . Pick Up 161 | 10 3 4 . . 25 2 6 4 8 1 7 2 8 6 . 27 2 1 7 1 6 . 8 3 20 Fast Attach 98 | . 1 . . . 18 1 1 . 1 1 5 . 20 2 . 16 2 1 3 . 7 1 4 7 7 Attach 89 | 6 . 1 . 1 5 5 . 5 6 1 4 1 11 1 . 5 2 . . . 1 1 5 13 15 Detach 16 | . . . . . . . . . 1 . 2 . 3 2 . 1 . . . . . . . 2 5 Swap 127 | . 1 1 . . 10 4 2 5 7 . 1 6 14 1 . 7 3 2 12 2 2 12 13 10 12 Drop 158 | . . . . . 29 . 4 2 1 . 12 1 9 3 . 41 2 2 11 . 15 . 9 3 14 Fire 269 | . 38 12 . . 89 36 . 34 6 . . 14 9 8 . . 1 . . . 1 . . 8 13 Melee 429 | . . . . . 2 5 7 27 11 2 19 5 90 9 . 2 9 1 51 2 7 29 28 36 87 Ram . | . . . . . . . . . . . . . . . . . . . . . . . . . . Kick 2 | . . . . . . . . . . . . . . . . . . . . . . . 1 . 1 Crush 3 | . 3 . . . . . . . . . . . . . . . . . . . . . . . . Escape Stasis 26 | . . . . . . 5 . 10 . . . 5 . . . . . . . . . . . 6 . Rewire 16 | . . . . . . . . 16 . . . . . . . . . . . . . . . . . Trap . | . . . . . . . . . . . . . . . . . . . . . . . . . . Miscellaneous . | . . . . . . . . . . . . . . . . . . . . . . . . . . Route ------- -11/Scrapyard -10/Materials (discovered 3 exits: [*Mat] / [*Min] / [*Sub]) -10/Mines (discovered 2 exits: [*Mat] / *Exi) -10/Exiles -9/Mines -8/Materials (discovered 3 exits: *Fac x2 / Gar) -8/Garrison -8/Materials -8/Garrison (discovered 3 exits: *Fac x3) -7/Factory -7/Waste -7/Factory (discovered 2 exits: *Fac / Gar) -7/Garrison -6/Factory -6/Waste -6/Factory -6/DSF -5/Factory -5/Waste -5/Factory (discovered 2 exits: *Fac / *Upp) -5/Upper Caves (discovered 2 exits: Upp / *War) -5/Warlord -4/Proximity Caves -4/Factory (discovered 4 exits: Upp x2 / Arm / Gar) -4/Garrison -4/Factory (discovered 1 exit: *Res) History --------- Turn | Location | Event 6 | -11/Scrapyard | Discovered new exit (range 15) 100 | -11/Scrapyard | Entered Materials 310 | -10/Materials | Build established: Mutant 349 | -10/Materials | Discovered new exit (range 12) 433 | -10/Materials | Discovered new exit (range 14) 706 | -10/Materials | Discovered new exit (range 9) 762 | -10/Materials | Entered Mines 772 | -10/Mines | Met a Derelict bent on vengeance 786 | -10/Mines | Joined a pair of Derelicts in attacking an 0b10 outpost 957 | -10/Mines | Discovered new exit (range 12) 1054 | -10/Mines | Learned Materials stockpile data 1086 | -10/Mines | Deemed a non-threat by the Exiles lab entrance 1086 | -10/Mines | Discovered new exit (range 5) 1092 | -10/Mines | Entered Exiles 1129 | -10/Exiles | Met 8R-AWN 1158 | -10/Exiles | Met EX-HEX 1230 | -10/Exiles | Learned location of Zion (-7) 1316 | -10/Exiles | Discovered new exit (range 10) 1329 | -10/Exiles | Entered Mines 1445 | -9/Mines | Learned location of Recycling (-8) 1448 | -9/Mines | Discovered new exit (range 8) 1460 | -9/Mines | Entered Materials 1460 | -8/Materials | Evolved 4 slots: Propulsion x2, Utility x1, Weapon x1 1796 | -8/Materials | Build established: Tank 1940 | -8/Materials | Discovered new exit (range 13) 2019 | -8/Materials | Identified exit to Factory 2393 | -8/Materials | Garrison activated, responded to threat 2449 | -8/Materials | Build established: Mutant 2490 | -8/Materials | Central database locked down 2515 | -8/Materials | Discovered exit to Factory (range 16) 2660 | -8/Materials | Destroyed 7 combat bots 2820 | -8/Materials | Identified exit to Garrison 2820 | -8/Materials | Entered Garrison 2846 | -8/Garrison | Triggered checkpoint 2913 | -8/Garrison | Garrison Relay disabled 2976 | -8/Garrison | Triggered checkpoint 3028 | -8/Garrison | Triggered checkpoint 3148 | -8/Garrison | Triggered checkpoint 3160 | -8/Garrison | Garrison Relay disabled 3212 | -8/Garrison | Phase Generator disabled 3378 | -8/Garrison | Discovered new exit (range 15) 3405 | -8/Garrison | Entered Materials 3426 | -8/Materials | Identified exit to Garrison 3609 | -8/Materials | Repaired Corrupted Aluminum Leg 3648 | -8/Materials | Repaired Carbon-fiber Leg+ 3792 | -8/Materials | Entered Garrison 3895 | -8/Garrison | Garrison Relay disabled 3916 | -8/Garrison | Core integrity fell below 50% 3930 | -8/Garrison | Triggered checkpoint 3983 | -8/Garrison | Lost 4 parts (1n2u1w) 4062 | -8/Garrison | Triggered checkpoint 4074 | -8/Garrison | Destroyed 7 combat bots 4106 | -8/Garrison | Discovered exit to Factory (range 10) 4135 | -8/Garrison | Triggered checkpoint 4149 | -8/Garrison | Garrison Relay disabled 4264 | -8/Garrison | Build established: Scavenger-Mutant 4347 | -8/Garrison | Discovered exit to Factory (range 12) 4362 | -8/Garrison | Triggered checkpoint 4375 | -8/Garrison | Garrison Relay disabled 4502 | -8/Garrison | Discovered exit to Factory (range 12) 4587 | -8/Garrison | Entered Factory 4587 | -7/Factory | Evolved 2 slots: Propulsion x2 4783 | -7/Factory | Lost 3 parts (2n1w) 4885 | -7/Factory | Fabricated Actuator Array (x2) 4924 | -7/Factory | Sucked down chute 4924 | -7/Factory | Entered Waste 4931 | -7/Waste | Spotted C-40 Crusher 4935 | -7/Waste | Spotted C-40 Crusher 4941 | -7/Waste | Spotted C-40 Crusher 4996 | -7/Waste | Spotted C-40 Crusher 5047 | -7/Waste | Spotted C-40 Crusher 5063 | -7/Waste | Discovered new exit (range 10) 5076 | -7/Waste | Entered Factory 5332 | -7/Factory | Identified exit to Garrison 5486 | -7/Factory | Lost 3 parts (2n1u) 5502 | -7/Factory | Discovered new exit (range 5) 5567 | -7/Factory | Entered Garrison 5595 | -7/Garrison | Triggered checkpoint 5625 | -7/Garrison | Garrison Relay disabled 5737 | -7/Garrison | Triggered checkpoint 5783 | -7/Garrison | Lost 3 parts (3n) 5861 | -7/Garrison | Discovered new exit (range 11) 5888 | -7/Garrison | Entered Factory 5888 | -6/Factory | Evolved 2 slots: Utility x1, Weapon x1 6202 | -6/Factory | Build established: Gladiator 6220 | -6/Factory | Destroyed 7 combat bots 6229 | -6/Factory | Lost 4 parts (2n1u1w) 6515 | -6/Factory | Lost 5 parts (1p3n1u) 6662 | -6/Factory | Found Prototype Launcher 6662 | -6/Factory | Identified Scatter Rocket Array 6809 | -6/Factory | Lost 5 parts (3n2u) 6824 | -6/Factory | Garrison activated, responded to threat 6865 | -6/Factory | Sucked down chute 6865 | -6/Factory | Entered Waste 6874 | -6/Waste | Spotted C-40 Crusher 6877 | -6/Waste | Destroyed C-40 Crusher 6880 | -6/Waste | Spotted C-40 Crusher 6884 | -6/Waste | Lost 5 allies 6888 | -6/Waste | Destroyed C-40 Crusher 6888 | -6/Waste | Spotted C-40 Crusher 6899 | -6/Waste | Spotted C-40 Crusher 6906 | -6/Waste | Spotted C-40 Crusher 6917 | -6/Waste | Destroyed C-40 Crusher 6929 | -6/Waste | Spotted C-40 Crusher 6932 | -6/Waste | Destroyed C-40 Crusher 6932 | -6/Waste | Destroyed C-40 Crusher 6937 | -6/Waste | Destroyed C-40 Crusher 6990 | -6/Waste | Discovered new exit (range 12) 7111 | -6/Waste | Build established: Mutant 7253 | -6/Waste | Warlord forces began an assault 7357 | -6/Waste | Murdered 3 allies 7500 | -6/Waste | Entered Factory 7500 | -6/Factory | Accompanied by 15 allies 7507 | -6/Factory | Identified exit to DSF 7507 | -6/Factory | Entered DSF 7507 | -6/DSF | Accompanied by 15 allies 7568 | -6/DSF | Additional patrols routed to DSF 7593 | -6/DSF | Lost 3 allies 7650 | -6/DSF | Lost 4 allies 7720 | -6/DSF | Discovered new exit (range 14) 7752 | -6/DSF | Sterilization system engaged 7772 | -6/DSF | Ambient heat levels rising (+10) 7787 | -6/DSF | Ambient heat levels rising (+10) 7802 | -6/DSF | Ambient heat levels rising (+10) 7811 | -6/DSF | Entered Factory 7811 | -5/Factory | Accompanied by 5 allies 7811 | -5/Factory | Evolved 2 slots: Utility x1, Weapon x1 7875 | -5/Factory | Build established: Gladiator 7946 | -5/Factory | Murdered 5 allies 7963 | -5/Factory | Sucked down chute 7963 | -5/Factory | Entered Waste 7963 | -5/Waste | The area was eerily silent 8135 | -5/Waste | Discovered new exit (range 16) 8290 | -5/Waste | Entered Factory 8631 | -5/Factory | Discovered new exit (range 15) 8656 | -5/Factory | Identified exit to Factory 9337 | -5/Factory | Build established: Assassin 9379 | -5/Factory | Discovered new exit (range 5) 9384 | -5/Factory | Identified exit to Upper Caves 9419 | -5/Factory | Entered Upper Caves 9421 | -5/Upper Caves | Attracted the attention of an 0b10 checkpoint 9425 | -5/Upper Caves | Encountered a Warlord checkpoint 9448 | -5/Upper Caves | Met a Warlord Commander 9449 | -5/Upper Caves | Learned location of Warlord (-5) 9450 | -5/Upper Caves | Warlord Commander delivered Encrypted Comm Array 9454 | -5/Upper Caves | Found Encrypted Comm Array 9462 | -5/Upper Caves | Identified exit to Upper Caves 9644 | -5/Upper Caves | A Derelict revealed a hidden shortcut to "reach the base" 9653 | -5/Upper Caves | Identified exit to Warlord 9654 | -5/Upper Caves | Entered Warlord 9698 | -5/Warlord | System corruption cleaned by Quarantine Array 9828 | -5/Warlord | Found Prototype Device 9828 | -5/Warlord | Identified Minesniffer Drone Bay 9925 | -5/Warlord | Met Warlord 9950 | -5/Warlord | Warlord's base attacked by MAIN.C 9986 | -5/Warlord | Found Prototype Energy Cannon 9986 | -5/Warlord | Identified Vortex Driver 10089 | -5/Warlord | Found Prototype Reactor 10099 | -5/Warlord | Found Prototype Device 10099 | -5/Warlord | Identified Thermal Barrier 10105 | -5/Warlord | Found Prototype Hackware 10226 | -5/Warlord | Opened side exit 10248 | -5/Warlord | Discovered new exit (range 9) 10255 | -5/Warlord | Identified exit to Proximity Caves 10256 | -5/Warlord | Entered Proximity Caves 10691 | -4/Proximity Caves | Attracted the attention of an 0b10 checkpoint 10754 | -4/Proximity Caves | Spotted B-86 Titan 11244 | -4/Proximity Caves | Discovered exit to Factory (range 9) 11254 | -4/Proximity Caves | Entered Factory 11254 | -4/Factory | Evolved 2 slots: Power x1, Utility x1 11255 | -4/Factory | Identified Vortex Chain Reactor 11314 | -4/Factory | Identified exit to Upper Caves 11314 | -4/Factory | Identified exit to Armory 11845 | -4/Factory | Identified exit to Garrison 11845 | -4/Factory | Entered Garrison 11865 | -4/Garrison | Triggered checkpoint 11902 | -4/Garrison | Triggered checkpoint 11975 | -4/Garrison | Garrison Relay disabled 12011 | -4/Garrison | Garrison Relay disabled 12108 | -4/Garrison | Spotted B-86 Titan 12162 | -4/Garrison | Build established: Hacker-Mutant 12249 | -4/Garrison | Lost 3 parts (2p1u) 12254 | -4/Garrison | Destroyed B-86 Titan 12291 | -4/Garrison | Triggered checkpoint 12291 | -4/Garrison | Triggered checkpoint 12291 | -4/Garrison | Triggered checkpoint 12300 | -4/Garrison | Triggered checkpoint 12304 | -4/Garrison | Heavy support dispatched to Factory 12337 | -4/Garrison | Destroyed 12 combat bots 12405 | -4/Garrison | Discovered new exit (range 10) 12486 | -4/Garrison | Lost 4 parts (2n1u1w) 12501 | -4/Garrison | Triggered checkpoint 12521 | -4/Garrison | Identified exit to Factory 12531 | -4/Garrison | Entered Factory 12643 | -4/Factory | Fabricated Hcp. Storage Unit? 12813 | -4/Factory | Build established: Gladiator 12904 | -4/Factory | Lost 4 parts (1p2n1w) 12984 | -4/Factory | Discovered new exit (range 16) 13030 | -4/Factory | Identified exit to Research 13365 | -4/Factory | System corruption reached 10% 13770 | -4/Factory | Found Prototype Hackware 13781 | -4/Factory | First assault squad dispatched 14005 | -4/Factory | Self-destructed Last Messages --------------- 13964_ The unstable cave ceiling collapses. 13967_ P-70 Sage destroyed. 13970_ The unstable cave ceiling collapses. 13974_ Penetrated by Slug. 13975_ System corrupted: Power Maul rejected. 13975_ Acquired Power Maul. 13980_ Penetrated by Slug. 13980_ Fusion Reactor destroyed. 13982_ The unstable cave ceiling collapses. 13983_ Penetrated by Slug. 13985_ Arm. Leg destroyed. 13985_ Penetrated by Slug. 13991_ UY 6T:R%1UHDCTWF>PA Y, 13991_ Penetrated by Slug. 13995_ The unstable cave ceiling collapses. 13999_ Slug penetrates Garrison Access. 14003_ Garrison Access unresponsive. 14003_ Micro-nuke Launcher destroyed. 14003_ Destroyed Micro-nuke Launcher. 14004_ Penetrated by Slug. Map ----- +----------------------------------------------------+ | ?????????????????????????????????????????????????? | | ?????????????????????????????????????????????????? | | ?????????????????????????????????????????????????? | | ?????????????????????????????????????????????????? | | ?????????????????????????????????????????????????? | | ?????????????????????????????????????????????????? | | ?????????????????????????????????????????????????? | | ?????????????????????????????????????????????????? | | ?????????????????????????????????????????????????? | | ?????????????????????????????????????????????????? | | ????????????????????????????????????????????###### | | ????????????????????????????????????????????# | | ?????????????????????????????????? # #? | | ?????????????????????????????????## " | | ????????????????????????u? ? =! T | | ?????????????????????????? # !! " | | ?????????????????????????# ^ # | | ?????????????????????????+ ^^ | | ?????????????????????????# # k# | | ?????????????????????????# # # | | ?????????????????????????# | | ?????????????????????????? | | ???????????????????????????# ; % !% | | ?????????????????????########; ;; | | ?????????????????????# ""G"" | | ?????????????????????# ""@"" | | ?????????????????????# | | ?????????????????????# | | ?????????????????????# | | ?????????????????????# ! YY # | | ?????????????????????##### ; # | | ??????????????????????##### # | | ??????????????? #?????## | | ??????????????????????######## # #??????? | | ??????????????????????????????#############??????? | | ?????????????????????????????????????????????????? | | ?????????????????????????????????????????????????? | | ?????????????????????????????????????????????????? | | ?????????????????????????????????????????????????? | | | | | | | | | | | | | | | | | | | | | | | +----------------------------------------------------+ Best States ------------- Heat Dissipation 43 Energy Generation 55 Energy Capacity 700 Matter Stores 300 Matter Capacity 300 Sight Range 22 Robot Scan Range 15 Terrain Scan Density 10 Jamming Range 14 Armor Coverage 300 Resistance: TH 50 Melee Speed Boost 20 Evasion (%) 55 Launcher Accuracy 30 Recoil Reduction 2 Particle Charging 15 Offensive Hacking 28 Authchip Count 2 Item Schematics ----------------- Hcp. Storage Unit | -10/Materials | Hacked Actuator Array | -8/Materials | Hacked Thunder Leg | -6/Factory | Scanalyzed Robot Schematics ------------------ None Fabricated ------------ Actuator Array | x2 | -7/Factory | Authchip Hcp. Storage Unit | x1 | -4/Factory Repaired ---------- Aluminum Leg | 44% | -8/Materials | Corrupted Carbon-fiber Leg | 3% | -8/Materials Studied --------- Carbon-fiber Leg | -8/Materials | Hacked Alien Tech Used ----------------- None Achievements -------------- None Challenges ------------ None Game ------ Seed SeismicGaussChip Manual? 0 Play Time 01:50:01 Cumulative 401.8 hours Start 2026.06.27 @ 15:55:32 End 2026.06.27 @ 18:06:14 Sessions 1 Manual Loads 0 Difficulty Rogue Special Mode None Game No. 370 Rogue 370 Adventurer 0 Explorer 0 Win Type - Total 9 Types 6/0/2/0/0/0/0/0/0/1 Lore% 60 Gallery% 67 Achievement% 63 Wizard Run 0 Options --------- Layout 1 ASCII 0 Keyboard 0 Movement Mouse Keybinds 0 Fullscreen 2 Font 24/Smallcaps Map View 50x35 Zoom Use 11% Tactical HUD 1 Map Filters NONE Filters NONE Steam 1 RUN: fe77a40d-de46-4d75-9477-52594a021f0d